 Dungeon Crawl Stone Soup version 0.20.1-1-g8b1a95d (console) character file.

460 rafael the Gusty (level 7, -4/41 HPs)
             Began as a Halfling Air Elementalist on July 7, 2017.
             Killed from afar by an orc wizard (7 damage)
             ... with a puff of flame
             ... on level 5 of the Dungeon.
             The game lasted 00:10:23 (2172 turns).

rafael the Gusty (Halfling Air Elementalist)        Turns: 2172, Time: 00:10:24

Health: -4/41      AC: 14    Str:  9    XL:     7   Next: 28%
Magic:  4/8        EV: 16    Int: 15    God:
Gold:   165        SH:  0    Dex: 15    Spells: 8/9 levels left

rFire    . . .     SeeInvis .   a - +1 rapier
rCold    . . .     Gourm    .   (shield restricted)
rNeg     . . .     Faith    .   k - +3 leather armour
rPois    .         Spirit   .   (no helmet)
rElec    .         Reflect  .   u - scarf {repulsion}
rCorr    +         Harm     .   s - +1 pair of gloves
MR       .....                  g - +0 pair of boots
Stlth    +.........             (no amulet)
Regen    0.2/turn               q - +3 ring of protection
MPRegen  0.2/turn               i - ring of resist corrosion

@: glowing, repel missiles
A: hooves 1, thin metallic scales 1, low mp 1, mutation resistance 1
a: no special abilities


You were on level 5 of the Dungeon.
You were near starving.

You visited 1 branch of the dungeon, and saw 5 of its levels.

You collected 165 gold pieces.

Inventory:

Hand Weapons
 a - a +1 rapier (weapon)
Missiles
 t - 42 sling bullets
 C - 7 needles of confusion
Armour
 e - a +0 robe
 g - a +0 pair of boots (worn)
 k - a +3 leather armour (worn)
 s - a +1 pair of gloves (worn)
 u - a scarf of repulsion (worn)
Jewellery
 d - an uncursed amulet of guardian spirit
 i - a ring of resist corrosion (right hand)
 q - a +3 ring of protection (left hand)
Wands
 D - a wand of iceblast (7/15)
Scrolls
 j - 2 scrolls of remove curse
 l - a scroll of random uselessness
 n - 2 scrolls of identify
 p - a scroll of fog
 r - a scroll of teleportation
 v - a scroll of enchant weapon
 x - a scroll of noise
Books
 b - a book of Air

   Spells                             Type                      Level
   a - Shock                          Conjuration/Air              1
   b - Swiftness                      Charms/Air                   2
   c - Static Discharge               Conjuration/Air              3
   d - Airstrike                      Air                          4
   e - Lightning Bolt                 Conjuration/Air              5
Comestibles
 c - 4 bread rations
 h - 5 meat rations
 m - 2 fruits


   Skills:
 + Level 4.4 Dodging
 + Level 4.5 Stealth
 - Level 1.5 Spellcasting
 - Level 0.7 Conjurations
 * Level 5.9 Air Magic


You had 8 spell levels left.
You knew the following spells:

 Your Spells              Type           Power        Failure   Level  Hunger
a - Shock                 Conj/Air       ##..         9%          1    ##.....


Dungeon Overview and Level Annotations

Branches:
Dungeon (5/15)
 Temple: D:4-7

Altars:

Annotations:
D:4 Duvessa
D:5 Grinder


Innate Abilities, Weirdness & Mutations

You are small and have problems with some larger weapons.
You are somewhat resistant to further mutation.
You have large cloven feet.
You are partially covered in thin metallic scales. (AC +2)
Your magical capacity is low. (-10% MP)


Message History

The orc wizard hits you but does no damage.
Grinder gestures at you. You resist with significant effort.
The orc wizard barely misses you.
You can move again.
Grinder gestures at you.
You shrug off the repeated paralysis!
The orc wizard completely misses you.
There is a stone staircase leading up here.
Unknown command.
Casting: Shock
Confirm with . or Enter, or press ? or * to list all spells.
Aiming: Shock
Press: ? - help, Shift-Dir - straight line The zap hits the orc wizard.
The orc wizard is lightly wounded.
The zap hits the orc wizard.
The orc wizard is moderately wounded.
Grinder misses you.
The orc wizard gestures at you while chanting.
The puff of flame hits you!
You die...

##.
..
#.#
..
.##
#.##
#o.#
+.@#
###5#
..#
#...
#.##
.# #


You could see Grinder and an orc wizard.

Vanquished Creatures
  The ghost of Quirk the Covered, an amateur MiFi of Ashenzari (D:3)
  2 ogres
  A scorpion (D:4)
  An orc wizard (D:4)
  2 gnolls (D:4)
  5 adders
  An adder skeleton (D:4)
  A worm (D:2)
  A dart slug (D:1)
  A leopard gecko (D:2)
  6 orcs
  3 giant cockroaches
  13 goblins
  4 hobgoblins
  A jackal (D:3)
  7 kobolds
  A quokka (D:2)
  2 bats (D:1)
  A frilled lizard (D:1)
  4 rats
58 creatures vanquished.

Notes
Turn   | Place    | Note
-------+----------+-------------------------------------------
     0 | D:1      | rafael the Halfling Air Elementalist began the quest for the Orb.
     0 | D:1      | Reached XP level 1. HP: 11/11 MP: 3/3
   181 | D:1      | Reached XP level 2. HP: 16/17 MP: 1/4
   627 | D:2      | Reached XP level 3. HP: 16/21 MP: 0/5
   805 | D:2      | Reached XP level 4. HP: 23/27 MP: 1/6
   956 | D:2      | Reached skill level 4 in Air Magic
  1651 | D:3      | Noticed an ogre
  1657 | D:3      | Killed an ogre
  1657 | D:3      | Reached XP level 5. HP: 28/31 MP: 1/7
  1801 | D:3      | Noticed Quirk's ghost (amateur MiFi)
  1802 | D:3      | Reached XP level 6. HP: 36/36 MP: 6/8
  1825 | D:3      | Gained mutation: Your magical capacity is low. (-10% MP) [potion of mutation]
  1826 | D:3      | Gained mutation: You are partially covered in thin metallic scales. (AC +2) [potion of mutation]
  1826 | D:3      | Gained mutation: You have large cloven feet. [potion of mutation]
  1844 | D:3      | Killed Quirk's ghost
  1844 | D:3      | Reached skill level 5 in Air Magic
  1910 | D:4      | Noticed Duvessa
  2022 | D:4      | Noticed an ogre
  2058 | D:4      | Killed an ogre
  2060 | D:4      | Noticed Grinder
  2084 | D:4      | Reached XP level 7. HP: 41/41 MP: 4/8
  2133 | D:4      | Paralysed by Grinder for 5 turns
  2163 | D:4      | Paralysed by Grinder for 2 turns
  2167 | D:5      | Entered Level 5 of the Dungeon
  2169 | D:5      | Paralysed by Grinder for 2 turns
  2172 | D:5      | Killed from afar by an orc wizard

Skill      XL: |  1  2  3  4  5  6 |
---------------+-------------------+-----
Air Magic      | 4 5 |  5.9
Dodging        | 3 4 |  4.4
Stealth        | 3 4 |  4.5
Spellcasting   | |  1.5
Conjurations   | |  0.7

Action                   |  1- 3 |  4- 6 |  7- 9 || total
-------------------------+-------+-------+-------++-------
Melee: Mace              |    19 |       |       ||    19
       Rapier            |     4 |    51 |     5 ||    60
 Cast: Shock             |    29 |    53 |    10 ||    92
  Use: Potion            |     1 |     7 |     3 ||    11
       Scroll            |     1 |    12 |       ||    13
  Eat: Chunk             |       |     5 |       ||     5
Armor: Robe              |    19 |    12 |       ||    31
       Leather armour    |       |     3 |     9 ||    12
Dodge: Dodged            |    65 |    62 |    14 ||   141
       Deflected         |       |       |     1 ||     1
